 Dungeon Crawl Stone Soup version 0.30-a0-632-g346586fe48 (webtiles) character file.

Game seed: 4704052066067023973

7 benadryl the Conjurer (level 1, -4/14 HPs)
             Began as a Demonspawn Conjurer on Jan 13, 2023.
             Slain by a quokka (5 damage)
             ... on level 1 of the Dungeon.
             The game lasted 00:00:40 (127 turns).

benadryl the Conjurer (Demonspawn Conjurer)          Turns: 127, Time: 00:00:41

Health: -4/14      AC:  2    Str:  7    XL:     1   Next: 83%
Magic:  3/3        EV: 12    Int: 19    God:
Gold:   0          SH:  0    Dex: 11    Spells: 3/4 levels left

rFire   . . .      SeeInvis .    d - +0 dagger (freeze)
rCold   . . .      Faith    .    (no shield)
rNeg    . . .      Spirit   .    a - +0 robe
rPois   .          Reflect  .    (no helmet)
rElec   .          Harm     .    (no cloak)
rCorr   .          Rampage  .    (no gloves)
Will    .....                    (no boots)
Stlth   ++                       (no amulet)
HPRegen 0.22/turn                (no ring)
MPRegen 0.08/turn                (no ring)

@: no status effects
A: no striking features
a: no special abilities


You were on level 1 of the Dungeon.
You visited 1 branch of the dungeon, and saw 1 of its levels.

Inventory:

Hand Weapons
 c - a +0 dagger
 d - a +0 dagger of freezing (weapon)
Armour
 a - a +0 robe (worn)


   Skills:
 + Level 0.4 Fighting
 - Level 1.7 Dodging
 - Level 1.7 Stealth
 + Level 2.1 Spellcasting
 * Level 4.2 Conjurations


You had 3 spell levels left.
You knew the following spells:

 Your Spells              Type           Power      Damage    Failure   Level
a - Magic Dart            Conj           72%        1d6       3%          1

Your spell library contained the following spells:

 Spells                   Type           Power      Damage    Failure   Level
 Searing Ray              Conj           36%        2d5       4%          2
 Dazzling Flash           Conj/Hex       20%        N/A       22%         3
 Fulminant Prism          Conj/Hex       5%         3d6       56%         4
 Iskenderun's Mystic Bla  Conj/Tloc      10%        2d4       56%         4


Dungeon Overview and Level Annotations

Branches:
Dungeon (1/15)

Altars:


Message History

Press: ? - help, Q - select action Shift-Dir - straight line, f - giant cockroach
Aim: a giant cockroach (100% to hit)
The magic dart hits the giant cockroach.
The giant cockroach is almost dead.
The giant cockroach misses you.
The giant cockroach attacks as you move away!
The giant cockroach barely misses you. The quokka bites you.
The quokka twitches its whiskers.
The giant cockroach closely misses you.
You hit the quokka but do no damage. The quokka barely misses you.
The giant cockroach bites you.
You hit the giant cockroach but do no damage.
The giant cockroach is almost dead.
The quokka closely misses you.
The giant cockroach bites you but does no damage.
The quokka bites you.
* * * LOW HITPOINT WARNING * * *
The quokka barely misses you. The quokka closely misses you.
The quokka twitches its whiskers.
The giant cockroach attacks as you move away!
The giant cockroach misses you. The quokka barely misses you.
The giant cockroach bites you but does no damage.
Okay, then.
Magic courses through your body. The quokka bites you.
* * * LOW HITPOINT WARNING * * *
Aiming: Magic Dart (safe; 3% risk of failure)
Press: ? - help, Q - select action Shift-Dir - straight line, f/p - giant cockroach
Aim: a giant cockroach (severely wounded, 100% to hit)
The magic dart hits the quokka.
The quokka is moderately wounded.
The quokka bites you.
* * * LOW HITPOINT WARNING * * *
The quokka barely misses you.
You aren't carrying any scrolls.
Unknown command.
You closely miss the quokka.
The quokka is moderately wounded.
The quokka bites you.
You die...

.....?......#####.#.#....
.........................
....)...###.......#.#.###
.........................
...###...........##.#.#..
## ######r.....##.#.#..
#......##.#..).
..########r.....##.#####
.......@rBr.....##.# #
...#######......# #
...#.#### #### #####.#
#... #.# #.## .. # #.##
....


You could see 2 quokkas, a giant cockroach and a rat.

Vanquished Creatures
  A bat (D:1)
  A goblin (D:1)
  A kobold (D:1)
  A quokka (D:1)
  A ball python (D:1)
  A rat (D:1)
6 creatures vanquished.

Notes
Turn   | Place    | Note
-------+----------+-------------------------------------------
     0 | D:1      | benadryl the Demonspawn Conjurer began the quest for the
                  | Orb.
     0 | D:1      | Reached XP level 1. HP: 13/13 MP: 3/3
   127 | D:1      | Slain by a quokka

Illustrated notes

Levels and vault maps discovered:
D:1:      eino_arrival_water_cross, layout_basic,
          dreamdust_ecumenical_altar_sealed_demon

Action                   || total
-------------------------++-------
Melee: Unarmed           ||     7
       Dagger            ||     4
       Punch             ||     1
 Cast: Magic Dart        ||    10
  Use: Potion            ||     1
Armor: Robe              ||     3
Dodge: Dodged            ||    20

Table legend: (Time is in decaauts)
 A = Elapsed time spent in this place.
 B = Non-inter-level travel time spent in this place.
 C = Inter-level travel time spent in this place.
 D = Time resting spent in this place.
 E = Time spent auto-exploring this place.
 F = Levels seen in this place.
 G = Mean time per level.
                   A        B        C        D        E       F      G
               +--------+--------+--------+--------+--------+-----+--------+
         Total |    126 |    126 |      0 |      0 |     75 |   1 |  126.0 |
       Dungeon |    126 |    126 |      0 |      0 |     75 |   1 |  126.0 |
               +--------+--------+--------+--------+--------+-----+--------+

Top non-repeatable levels by time:
     D:1: 126 daAuts
